AoeStats
← xiribitatatata

Arabia

509936635Analyzed
1v1 RM · 3d ago on Sep 28, 2026· 29m 49s· 2 players
Game mode
Random Map
Map size
Tiny (2 player)
Population
200
Speed
Normal
Resources
Standard
Victory
Conquest
Starting age
Dark Age
Ending age
Imperial Age
RankedLock teamsTeams togetherTeam positionsShared explorationLock speedFull tech treeHidden civsTurbo modeCheats
Victory
Defeat
🇹🇷 Dravidians · Türkiye
686
+16
🇩🇰 Cumans · Denmark
681
-16
xiribitatatata
9:07 Loom
10:53 Feudal Age
12:40 Double-Bit Axe
14:27 Wheelbarrow
16:04 Man-at-Arms
19:29 Horse Collar
19:44 Gold Mining
23:23 Scale Mail Armor
23:37 Forging
29:59 Castle Age
29:57 Fletching
30:08 Padded Archer Armor
30:13 Scale Barding Armor
DAVYJONES
11:04 Feudal Age
12:29 Double-Bit Axe
12:38 Horse Collar
12:37 Man-at-Arms
17:28 Gold Mining
17:45 Padded Archer Armor
17:36 Fletching
21:13 Wheelbarrow
24:01 Castle Age
23:48 Scale Mail Armor
24:10 Crossbowman
24:56 Thumb Ring
25:09 Bodkin Arrow
26:03 Stone Mining
26:32 Hand Cart
25:54 Pikeman
26:35 Squires
Connection lost

Rejoining the realm…

Still unreachable

The connection could not be restored.

Session expired

The server has moved on; the page needs a fresh start.